 Dungeon Crawl Stone Soup version 0.21-a0-241-g2cbab09 (webtiles) character file.

51112 trigger the Fighter (level 14, 0/94 HPs)
             Began as a Gargoyle Gladiator on Sept 3, 2017.
             Was a High Priest of Makhleb.
             Slain by an orc warlord
             ... wielding a +1 halberd of venom
              (17 damage)
             ... on level 2 of the Orcish Mines.
             The game lasted 00:43:04 (22009 turns).

trigger the Fighter (Gargoyle Gladiator)           Turns: 22009, Time: 00:43:04

Health: 0/94       AC: 33    Str: 31    XL:     14   Next: 58%
Magic:  22/22      EV: 13    Int:  9    God:    Makhleb [*****.]
Gold:   1757       SH: 16    Dex: 18    Spells: 13/13 levels left

rFire    + . .     SeeInvis .   F - +4 morningstar "Ceem" {crush, Dex+6}
rCold    . . .     Gourm    .   J - +2 shield
rNeg     + . .     Faith    +   L - +0 plate armour
rPois    ∞         Spirit   .   i - +2 helmet
rElec    +         Reflect  .   O - scarf {rC+ rF+}
rCorr    .         Harm     .   r - +1 pair of gloves
MR       +....                  V - +1 pair of boots
Stlth    ..........             G - amulet "Jezef" {Faith rPois rC- Str+9}
HPRegen  0.25/turn              N - +4 ring of evasion
MPRegen  0.18/turn              y - +3 ring of slaying

@: no status effects
A: big wings, negative energy resistance 1, electricity resistance, unbreathing,
petrification resistance, rot immunity, AC +9
a: Fly, Minor Destruction, Lesser Servant of Makhleb, Major Destruction, Greater
Servant of Makhleb, Renounce Religion


You were on level 2 of the Orcish Mines.
You worshipped Makhleb.
Makhleb was extremely pleased with you.
You were near starving.

You visited 4 branches of the dungeon, and saw 20 of its levels.
You also visited: Ossuary.

You collected 2045 gold pieces.
You spent 288 gold pieces at shops.

Inventory:

Hand Weapons
 q - a +1 whip of electrocution
 F - the +4 morningstar "Ceem" (weapon) {crush, Dex+6}
   (You acquired it on level 3 of the Lair of Beasts)

   It inflicts extra damage upon your enemies.
   It affects your dexterity (+6).
Armour
 c - a scarf of repulsion
 i - a +2 helmet (worn)
 r - a +1 pair of gloves (worn)
 J - a +2 shield (worn)
 L - a +0 plate armour (worn)
 O - a scarf of resistance (worn)
 V - a +1 pair of boots (worn)
Jewellery
 e - an uncursed ring of teleportation
 y - a +3 ring of slaying (right hand)
 G - the amulet "Jezef" (around neck) {Faith rPois rC- Str+9}
   (You found it on level 6 of the Lair of Beasts)

   [amulet of faith]

   It allows you to gain divine favour quickly.
   It affects your strength (+9).
   It makes you vulnerable to cold.
   It protects you from poison.
 I - an uncursed ring of protection from magic
 N - a +4 ring of evasion (left hand)
 X - an uncursed amulet of guardian spirit
 Y - an uncursed ring of flight {unknown}
Wands
 M - a wand of disintegration (21/24)
 Q - a wand of flame (10/48)
Scrolls
 g - 2 scrolls of fog
 h - 2 scrolls of teleportation
 k - 2 scrolls of immolation
 p - 6 scrolls of remove curse
 s - 5 scrolls of enchant armour
 v - 2 scrolls of amnesia
 w - a scroll of magic mapping
 K - a scroll of silence
 T - a scroll of recharging
 Z - 2 scrolls of enchant weapon
Potions
 d - a potion of brilliance
 j - 4 potions of mutation
 l - 5 potions of degeneration
 m - 2 potions of lignification
 t - a potion of ambrosia {unknown}
 A - 3 potions of resistance
 B - 2 potions of agility
 C - 8 potions of curing
 D - 2 potions of might
 E - 3 potions of flight
 U - a potion of magic
Miscellaneous
 R - a fan of gales
 S - a lightning rod (4/4)
Comestibles
 f - 7 bread rations
 n - 6 royal jellies
 o - 5 meat rations
 H - 62 fruits


   Skills:
 + Level 13.3 Fighting
 + Level 13.1 Maces & Flails
 - Level 1.7 Throwing
 + Level 11.2 Armour
 - Level 2.4 Dodging
 + Level 11.1 Shields
 + Level 11.3 Invocations


You had 13 spell levels left.
You didn't know any spells.

Dungeon Overview and Level Annotations

Branches:
Dungeon (11/15)            Temple (1/1) D:7            Lair (6/6) D:11
 Shoals (0/4) Lair:2        Snake (0/4) Lair:4        Slime (0/5) Lair:5
    Orc (2/2) D:11            Elf (0/3) Orc:2

Altars:
Ashenzari
Cheibriados
Dithmenos
Elyvilon
Fedhas
Gozag
Hepliaklqana
Kikubaaqudgha
Makhleb
Nemelex Xobeh
Okawaru
Qazlal
Ru
Sif Muna
Trog
Uskayaw
Vehumet
Wu Jian
Xom
Yredelemnul
Zin
The Shining One
Beogh
Jiyva

Shops:
D:6 [   D:8 :   Orc:1 :}!   Orc:2 :

Annotations:
Lair:5 exclusion: oklob plant


Innate Abilities, Weirdness & Mutations

You are resistant to torment.
Your stone body is resilient. (AC +9)
You are immune to poison.
Your large and strong wings let you fly indefinitely.
You resist negative energy. (rN+)
You are resistant to electric shocks. (rElec)
You can survive without breathing.
You are immune to petrification.
You are immune to rotting.


Message History

Unknown command.
The orc no longer looks unusually strong.
You block the orc's attack.
Your cacodemon gestures next to the orc.
You hear a grinding noise.
Items here: ( )) [ a club; a glaive of venom; 5 tomahawks; a plate armour Unknown command.
You crush the orc like a grape!!!
You kill the orc!
Makhleb accepts your kill.
The orc warlord hits you from afar with a halberd of venom!
You completely miss the orc warrior.
The orc priest mumbles some strange prayers to Beogh against you.
Beogh smites you!
* * * LOW HITPOINT WARNING * * *
The orc warrior hits you with a short sword!
* * * LOW HITPOINT WARNING * * *
The orc warlord hits you from afar with a halberd of venom!
You die...

#.........#).
###............
##.#.....)$.....
#........)......
##..#.#..........
##....##.).#.)..).
##............).).(
#.#....#.............
#..@...........∩.)..
##o#................
###.##o)...#......)...
##..))))...###.....)<..
##..)o##.)..#
#.........
###..)))###...#
##..#.....
#.))))....##.##
#......).
###..o.§######
###.....( #..).o.oo.#
#.....#


You could see an orc warlord, an orc warrior and an orc priest.

Vanquished Creatures
  An orc warlord (Orc:1)
  Erolcha (D:10)
  6 hydras
  A merfolk avatar (Lair:6)
  5 two-headed ogres
  2 orc high priests (Orc:2)
  A harpy (Lair:6)
  2 orc knights (D:11)
  A necromancer (Lair:2)
  3 orc sorcerers (Orc:2)
  8 elephants (Lair:6)
  2 black mambas
  Psyche (D:10)
  11 spiny frogs
  4 centaur skeletons
  2 rime drakes
  9 komodo dragons
  3 trolls
  3 polar bears
  Grinder (D:3)
  A wind drake (Lair:5)
  A snapping turtle (Lair:2)
  A slime creature (Lair:3)
  5 hippogriffs
  31 yaks
  A wraith (D:10)
  3 wyverns
  A steam dragon (D:8)
  A hungry ghost (D:10)
  A warg (Orc:1)
  8 porcupines
  19 water moccasins
  2 sky beasts (D:5)
  3 ice beasts
  28 orc warriors
  2 black bears
  12 ogres
  A phantom (D:8)
  10 centaurs
  6 wolves (Lair:5)
  15 crocodiles
  3 big kobolds
  An elf zombie (Ossuary)
  17 bullfrogs
  A wyvern zombie (D:8)
  A wyvern skeleton (D:11)
  7 scorpions
  10 killer bees
  9 wights
  A centaur zombie (D:7)
  3 howler monkeys
  4 crimson imps
  3 bullfrog zombies
  A quasit (D:11)
  5 hounds
  17 orc priests
  11 jellies
  A gnoll shaman (D:10)
  A human zombie (Ossuary)
  Jessica (D:3)
  3 bullfrog skeletons
  3 iguanas
  15 orc wizards
  10 worker ants
  6 hell rats (Lair:4)
  4 yak simulacra (Lair:2)
  5 wolf simulacra (Lair:2)
  A killer bee zombie (D:10)
  The ghost of p0werm0de the Skirmisher, a weakling DsFi (D:4)
  A hound skeleton (D:6)
  5 hound zombies
  4 mummies (Ossuary)
  2 worker ant zombies (D:9)
  2 howler monkey zombies
  8 gnolls
  14 adders
  A howler monkey skeleton (D:10)
  5 river rats (Lair:4)
  3 shadow imps
  14 oozes (Lair:3)
  3 adder zombies
  An adder skeleton (D:6)
  3 worms (D:4)
  8 dart slugs
  3 leopard geckos
  67 orcs
  A giant cockroach (D:1)
  9 goblins
  3 hobgoblins
  13 jackals
  A quokka (D:3)
  8 ball pythons
  2 bats
  8 frilled lizards
  A giant cockroach zombie (D:5)
  2 gnoll zombies (Ossuary)
  A jackal zombie (Ossuary)
  9 kobolds
  2 kobold zombies (Ossuary)
  A leopard gecko skeleton (D:8)
  An orc zombie (Ossuary)
  A quokka skeleton (D:5)
  A quokka zombie (D:7)
  10 rats
  2 river rat simulacra (Lair:2)
584 creatures vanquished.

Vanquished Creatures (collateral kills)
  A hydra (Lair:6)
  An orc knight (Orc:2)
  3 elephants (Lair:6)
  2 spiny frogs (Lair:6)
  A rime drake (Lair:6)
  2 komodo dragons (Lair:6)
  2 polar bears (Lair:6)
  A hornet (Lair:6)
  3 blink frogs (Lair:6)
  4 yaks (Lair:6)
  A water moccasin (Lair:6)
  3 orc warriors (Orc:2)
  A crocodile (Lair:6)
  2 orc priests (Orc:2)
  4 orc wizards (Orc:2)
  3 orcs (Orc:2)
34 creatures vanquished.

Vanquished Creatures (others)
  A sky beast (D:11)
  An orc wizard (Orc:2)
  An orc (Orc:2)
  15 fungi
  18 plants
36 creatures vanquished.

Grand Total: 654 creatures vanquished

Notes
Turn   | Place    | Note
-------+----------+-------------------------------------------
     0 | D:1      | trigger the Gargoyle Gladiator began the quest for the Orb.
     0 | D:1      | Reached XP level 1. HP: 12/12 MP: 1/1
   172 | D:1      | Reached XP level 2. HP: 15/17 MP: 2/2
   730 | D:1      | Reached XP level 3. HP: 21/21 MP: 3/3
  1402 | D:2      | Reached XP level 4. HP: 12/27 MP: 4/4
  1683 | D:2      | Found a transporter.
  1751 | D:2      | Found a transporter.
  1753 | D:2      | Found a deep blue altar of Sif Muna.
  2268 | D:3      | Reached skill level 5 in Maces & Flails
  2417 | D:3      | Reached XP level 5. HP: 32/32 MP: 5/5
  2678 | D:3      | Noticed Jessica
  2685 | D:3      | Killed Jessica
  2837 | D:3      | Noticed Grinder
  2849 | D:3      | Paralysed by Grinder for 7 turns
  2871 | D:3      | Killed Grinder
  2871 | D:3      | Reached XP level 6. HP: 16/39 MP: 6/6
  3293 | D:4      | Noticed p0werm0de's ghost (weakling DsFi)
  3300 | D:4      | Killed p0werm0de's ghost
  3547 | D:4      | Reached XP level 7. HP: 26/44 MP: 7/7
  4109 | D:4      | Reached skill level 5 in Fighting
  4525 | D:5      | Entered Level 5 of the Dungeon
  4553 | D:5      | Found a sand-covered staircase.
  4558 | Ossuary  | Entered an ossuary
  4581 | Ossuary  | Reached XP level 8. HP: 25/50 MP: 8/8
  5126 | Ossuary  | Got an ancient chain mail
  5144 | Ossuary  | Identified the +2 chain mail of Greed {Int+4} (You found it in an ossuary)
  6528 | D:6      | Reached XP level 9. HP: 57/57 MP: 9/9
  6590 | D:6      | Reached skill level 1 in Armour
  6621 | D:6      | Reached skill level 10 in Maces & Flails
  6672 | D:6      | Found Haakkol's Armour Boutique.
  7283 | D:7      | Found a staircase to the Ecumenical Temple.
  7305 | Temple   | Entered the Ecumenical Temple
  7486 | Temple   | Became a worshipper of Makhleb the Destroyer
  7575 | D:7      | Reached skill level 1 in Shields
  7585 | D:7      | Reached skill level 1 in Invocations
  8040 | D:7      | Reached XP level 10. HP: 64/64 MP: 11/11
  8474 | D:8      | Noticed a two-headed ogre
  8482 | D:8      | Reached * piety under Makhleb
  8493 | D:8      | Killed a two-headed ogre
  8792 | D:8      | Noticed a two-headed ogre
  8801 | D:8      | Killed a two-headed ogre
  9214 | D:8      | Found Fapiud's Book Emporium.
  9337 | D:8      | Noticed a two-headed ogre
  9345 | D:8      | Killed a two-headed ogre
  9345 | D:8      | Reached skill level 5 in Armour
  9345 | D:8      | Reached XP level 11. HP: 64/71 MP: 14/14
  9666 | D:9      | Reached skill level 5 in Shields
  9890 | D:9      | Reached ** piety under Makhleb
  9910 | D:9      | Reached skill level 5 in Invocations
 10366 | D:10     | Entered Level 10 of the Dungeon
 10831 | D:10     | Noticed Erolcha
 10844 | D:10     | Killed Erolcha
 11153 | D:10     | Noticed Psyche
 11162 | D:10     | Killed Psyche
 11253 | D:10     | Reached *** piety under Makhleb
 11415 | D:11     | Noticed a two-headed ogre
 11438 | D:11     | Killed a two-headed ogre
 11775 | D:11     | Reached skill level 10 in Fighting
 11953 | D:11     | Found a staircase to the Lair.
 12104 | D:11     | Reached **** piety under Makhleb
 12177 | D:11     | Noticed an orc knight
 12508 | D:11     | Noticed an orc knight
 12526 | D:11     | Killed an orc knight
 12526 | D:11     | Reached XP level 12. HP: 52/78 MP: 17/17
 12610 | D:11     | Found a roughly hewn altar of Beogh.
 12610 | D:11     | Found a staircase to the Orcish Mines.
 12815 | Lair:1   | Entered Level 1 of the Lair of Beasts
 13767 | Lair:1   | Identified a scroll of acquirement
 14212 | Lair:1   | Reached ***** piety under Makhleb
 14388 | Lair:2   | Noticed a seven-headed hydra
 14404 | Lair:2   | Killed a seven-headed hydra
 14991 | Lair:2   | Noticed an eight-headed hydra
 15002 | Lair:2   | Killed an eight-headed hydra
 15187 | Lair:2   | Noticed a five-headed hydra
 15196 | Lair:2   | Killed a five-headed hydra
 15323 | Lair:2   | Noticed a five-headed hydra
 15336 | Lair:2   | Killed a five-headed hydra
 15336 | Lair:2   | Reached XP level 13. HP: 85/85 MP: 20/20
 15481 | Lair:2   | Found a staircase to the Shoals.
 16580 | Lair:3   | Got a translucent morningstar
 16581 | Lair:3   | Identified the +4 morningstar "Ceem" {crush, Dex+6} (You acquired it on level 3 of the Lair of Beasts)
 17315 | Lair:4   | Identified the Tome of Evil and Augmentations
 17433 | Lair:4   | Reached skill level 10 in Invocations
 17651 | Lair:4   | Found a staircase to the Snake Pit.
 17660 | Lair:4   | Got a smoking ring mail
 17661 | Lair:4   | Identified the cursed +0 ring mail "Biefoi" {rCorr Str+3 Int+2} (You found it on level 4 of the Lair of Beasts)
 17975 | Lair:5   | Found an opulent altar of Gozag.
 18459 | Lair:5   | Found a viscous altar of Jiyva.
 18459 | Lair:5   | Found a staircase to the Slime Pits.
 18692 | Lair:5   | Reached skill level 10 in Shields
 18700 | Lair:5   | Reached ****** piety under Makhleb
 18876 | Lair:6   | Entered Level 6 of the Lair of Beasts
 19015 | Lair:6   | Noticed an Executioner
 19036 | Lair:6   | Reached skill level 10 in Armour
 19187 | Lair:6   | Noticed a balrug
 19583 | Lair:6   | Noticed a blizzard demon
 19754 | Lair:6   | Gained mutation: Your large and strong wings let you fly indefinitely. [Gargoyle growth]
 19754 | Lair:6   | Reached XP level 14. HP: 91/92 MP: 22/22
 20177 | Lair:6   | Got a smoking diamond amulet
 20178 | Lair:6   | Identified the amulet "Jezef" {Faith rPois rC- Str+9} (You found it on level 6 of the Lair of Beasts)
 20186 | Lair:6   | Got a bloodstained flail
 20187 | Lair:6   | Identified the cursed +1 flail of Zynupn {flame, *Slow Dex+4} (You found it on level 6 of the Lair of Beasts)
 20215 | Lair:6   | Got a smoking large shield
 20226 | Lair:6   | Identified the cursed +0 large shield of the Hidden Vale {Str+2} (You found it on level 6 of the Lair of Beasts)
 20599 | Orc:1    | Entered Level 1 of the Orcish Mines
 20625 | Orc:1    | Found Muyff's Book Shoppe.
 20655 | Orc:1    | Found Anirph's Gadget Emporium.
 20832 | Orc:1    | Found Weloa's Distillery.
 20838 | Orc:1    | Bought a potion of haste for 120 gold pieces
 20838 | Orc:1    | Bought a potion of heal wounds for 60 gold pieces
 20838 | Orc:1    | Bought a potion of heal wounds for 60 gold pieces
 20838 | Orc:1    | Bought a potion of might for 48 gold pieces
 20898 | Orc:2    | Entered Level 2 of the Orcish Mines
 20898 | Orc:2    | Found Dopnihics's Book Shop.
 20898 | Orc:2    | Noticed an orc warlord
 21152 | Orc:1    | Killed an orc warlord
 21450 | Orc:2    | Noticed an Executioner
 21552 | Orc:2    | Found a staircase to the Elven Halls.
 21606 | Orc:2    | Noticed a balrug
 21969 | Orc:2    | Noticed an orc warlord
 22009 | Orc:2    | Slain by an orc warlord

Vault maps used:
D:1:      scummos_arrival_simple_crosswalls
D:2:      gammafunk_temple_overflow_arena
D:3:      first_bread, uniq_grinder, uniq_jessica
D:5:      enter_ossuary_2
D:6:      serial_shops, shop
D:7:      minmay_temple_entry_overgrown
D:8:      serial_shops, shop
D:9:      blue_anna_alchemist
D:10:     serial_park_tiny_2, uniq_erolcha, uniq_psyche
D:11:     grunt_lair_entry_orc_guard_hut, david_orc_5
Temple:   nicolae_temple_the_god_donut
Lair:1:   lemuel_fruit_tree, grunt_megastairs_1
Lair:2:   minmay_shoals_entry_hut, eino_house_with_fridge
Lair:3:   lemuel_slime, small_statue_intersection, serial_bayou_shore_b,
          lemuel_fruit_fields, serial_bayou_shore_b
Lair:4:   minmay_snake_entry_six_corridors, kennysheep_abandoned_house
Lair:5:   dpeg_slime_entry_enclosed_altar, basic_altar,
          infiniplex_staircase_pool, serial_bayou_shore_b, grunt_megastairs_3,
          lemuel_fruit_fields, minmay_lair_oklob_chamber
Lair:6:   gammafunk_lair_ancient_temple
Orc:1:    serial_shops, nicolae_shop_trees, nicolae_shop_statue_plus, shop,
          nicolae_shop_crystal, nicolae_shop_behind_doors
Orc:2:    st_orc_congregation, serial_shops, shop
Ossuary:  ossuary_minmay_tomb_2a

Skill      XL: |  1  2  3  4  5  6  7  8  9 10 11 12 13 14 |
---------------+-------------------------------------------+-----
Maces & Flails | 4 5 6 8 9 11 12 13 | 13.1
Fighting       | 3 4 5 7 8 9 10 11 12 13 | 13.3
Armour         | 3 5 7 9 10 11 | 11.2
Shields        | 2 4 7 9 10 11 | 11.1
Invocations    | 2 4 7 9 10 11 | 11.3
Throwing       | |  1.7
Dodging        | |  2.4

Action                   |  1- 3 |  4- 6 |  7- 9 | 10-12 | 13-15 || total
-------------------------+-------+-------+-------+-------+-------++-------
Melee: Flail             |   125 |     7 |    16 |       |       ||   148
       Whip              |       |   102 |   377 |   957 |   198 ||  1634
       Morningstar       |       |       |       |       |   649 ||   649
Throw: Throwing net      |       |       |     4 |     2 |       ||     6
Invok: Greater Servant o |       |       |       |       |    14 ||    14
Evoke: Wand              |       |       |       |     8 |     1 ||     9
  Use: Scroll            |       |     4 |    11 |    15 |    25 ||    55
       Potion            |       |     1 |     4 |     2 |    14 ||    21
 Stab: Held in net/web   |       |       |     1 |     5 |       ||     6
       Distracted        |       |       |       |       |     4 ||     4
       Confused          |       |       |       |       |     1 ||     1
       Invisible         |       |       |       |       |     2 ||     2
  Eat: Chunk             |     2 |     4 |     5 |    15 |     7 ||    33
       Bread ration      |       |     1 |     2 |     2 |     3 ||     8
Armor: Leather armour    |    46 |    32 |    55 |       |       ||   133
       Chain mail        |       |       |   108 |   147 |       ||   255
       Plate armour      |       |       |       |    95 |   486 ||   581
Dodge: Dodged            |    84 |    46 |   182 |   133 |   351 ||   796
       Deflected         |       |       |       |       |     2 ||     2
Block: Shield            |       |       |    61 |   328 |   703 ||  1092

Table legend:
 A = Spawn XP
 B = Non-spawn XP
 C = Spawn XP percentage of total XP
 D = Spawn monster count
 E = Non-spawn monster count
 F = Spawn count percentage of total count
 G = Total turns spent on level
                    A         B        C        D         E        F      G
               +---------+---------+-------+---------+---------+-------+---------
         Total |    7995 |   65023 |  10.9 |      62 |     557 |  10.0 | 22009
               +---------+---------+-------+---------+---------+-------+---------
           D:1 |       6 |      35 |  14.6 |       3 |      17 |  15.0 |  1027
           D:2 |      19 |      76 |  20.0 |       4 |      16 |  20.0 |  1026
           D:3 |       0 |     422 |   0.0 |       0 |      17 |   0.0 |  1213
           D:4 |     290 |     295 |  49.6 |       4 |      18 |  18.2 |  1259
           D:5 |      12 |     877 |   1.3 |       4 |      23 |  14.8 |  1207
           D:6 |     115 |     772 |  13.0 |       1 |      17 |   5.6 |   667
           D:7 |     299 |    1604 |  15.7 |       7 |      27 |  20.6 |  1138
           D:8 |      91 |    4296 |   2.1 |       3 |      30 |   9.1 |  1175
           D:9 |     121 |    1028 |  10.5 |       1 |      18 |   5.3 |   717
          D:10 |     361 |    2508 |  12.6 |       5 |      22 |  18.5 |  1049
          D:11 |     578 |    6015 |   8.8 |       3 |      61 |   4.7 |  1468
        Lair:1 |    1051 |    3525 |  23.0 |       3 |      15 |  16.7 |  1549
        Lair:2 |     647 |    8702 |   6.9 |       3 |      34 |   8.1 |  1638
        Lair:3 |       0 |    4160 |   0.0 |       0 |      36 |   0.0 |  1299
        Lair:4 |       0 |    2527 |   0.0 |       0 |      31 |   0.0 |   726
        Lair:5 |    1187 |    3727 |  24.2 |       3 |      20 |  13.0 |  1152
        Lair:6 |    1768 |   14333 |  11.0 |       9 |      51 |  15.0 |  1352
         Orc:1 |       0 |    3096 |   0.0 |       0 |      25 |   0.0 |   579
         Orc:2 |    1450 |    6766 |  17.6 |       9 |      63 |  12.5 |   831
       Ossuary |       0 |     259 |   0.0 |       0 |      16 |   0.0 |   742
               +---------+---------+-------+---------+---------+-------+---------
